 Dungeon Crawl Stone Soup version 0.31-a0-618-g7ca08c1ff9 (webtiles) character file.

Game seed: 10120591576065188329

1400 Shayle the Fighter (level 8, -1/136 HPs)
             Began as an Ogre Shapeshifter on Aug 22, 2023.
             Was an Initiate of Kikubaaqudgha.
             Slain by Erica
             ... wielding a +1 scimitar of flaming
              (8 damage)
             ... on level 8 of the Dungeon.
             The game lasted 00:15:17 (7222 turns).

Shayle the Fighter (Ogre Shapeshifter)              Turns: 7222, Time: 00:15:18

Health: -1/136     AC:  4    Str: 18 (20) XL:     8   Next: 69%
Magic:  17/17      EV:  9    Int:  8 (11) God:    Kikubaaqudgha [......]
Gold:   314        SH:  0    Dex:  7 (9)  Spells: 19/19 levels left

rFire   . . .        z - +1 falchion (elec)
rCold   . . .        (no shield)
rNeg    . . .        a - +1 animal skin
rPois   +            (helmet currently unavailable)
rElec   .            (cloak currently unavailable)
rCorr   .            (gloves unavailable)
SInv    .            (boots unavailable)
Will    .....        (no amulet) Stlth
                     l - ring of poison resistance
HPRegen 0.42/turn    (no ring)
MPRegen 0.15/turn

%: no passive effects
@: mighty, berserking, beast-form, studying Fighting, very quick
A: beast (slay +1), large, unfitting armour, tough skin 1
a: Begin Untransformation, Renounce Religion


You were on level 8 of the Dungeon.
You worshipped Kikubaaqudgha.
Kikubaaqudgha was noncommittal.
You were a hulking beast.
You visited 2 branches of the dungeon, and saw 9 of its levels.

You collected 335 gold pieces.
You spent 21 gold pieces at shops.

Inventory:

Hand Weapons
 z - a +1 falchion of electrocution (weapon)
Missiles
 B - 2 throwing nets
Armour
 a - a +1 animal skin (worn)
Jewellery
 l - a ring of poison resistance (left hand)
 m - a ring of ice
 C - an amulet of magic regeneration
 D - an amulet of the acrobat
Talismans
 c - a beast talisman (active)
 d - a flux talisman
Wands
 n - a wand of flame (28)
 A - a wand of polymorph (3)
 F - a wand of paralysis (5)
Scrolls
 e - 2 scrolls of butterflies
 f - a scroll of revelation
 h - 7 scrolls of teleportation
 i - 4 scrolls of identify
 q - a scroll of fog
 s - a scroll of vulnerability
 u - 2 scrolls of fear
 v - a scroll of enchant armour
Potions
 b - a potion of lignification
 g - 2 potions of haste
 o - a potion of brilliance
 t - a potion of attraction
 x - a potion of ambrosia


   Skills:
 + Level 8.8 Fighting
 - Level 1.7 Dodging
 + Level 6.1 Unarmed Combat
 + Level 6.3 Spellcasting
 - Level 3.0 Shapeshifting


You had 19 spell levels left.
You didn't know any spells.
Your spell library contained the following spells:

 Spells                   Type           Power      Damage    Failure   Level
 Cigotuvi's Dreadful Rot  Necr/Pois/Air  4%         N/A       34%         2
 Call Canine Familiar     Summ           2%         N/A       56%         3
 Ignite Poison            Fire/Tmut/Pois 2%         N/A       56%         3
 Portal Projectile        Hex/Tloc       4%         N/A       56%         3
 Leda's Liquefaction      Hex/Erth       1%         N/A       92%         4
 Freezing Cloud           Conj/Ice/Air   1%         6-21      99%         5


Dungeon Overview and Level Annotations

Branches:
Dungeon (8/15)             Temple (1/1) D:5
   Lair: D:8-11

Altars:
Ashenzari
Cheibriados
Dithmenos
Elyvilon
Fedhas
Gozag
Hepliaklqana
Kikubaaqudgha
Makhleb
Nemelex Xobeh
Okawaru
Ru
Sif Muna
Trog
Uskayaw
Vehumet
Wu Jian
Xom
Yredelemnul
Zin
The Shining One

Shops:
D:2 *   D:4 =

Annotations:
D:6 Jeremiah
D:8 Erica


Innate Abilities, Weirdness & Mutations

You are a hulking beast.
Your limbs bulge with bestial killing power. (Slay +1)
You are too large for most types of armour.
You have tough skin. (AC +1)


Message History

Erica is nearby!
Aiming: Paralyse
Press: ? - help, Shift-Dir - straight line, f - Erica
Aim: Erica, wielding a +1 scimitar of flaming, wearing a +0 robe and carrying a wand of paralysis (chance to affect: 17%) Erica resists with almost no effort.
You feel very mighty all of a sudden.
Erica zaps a wand.
You suddenly lose the ability to move!
You can move again.
Erica gestures wildly while chanting.
Erica flickers and vanishes!
Deactivating autopickup; reactivate with Ctrl-A.
You slash something!
You hear a zap.
Something tries to affect you, but you resist.
You barely miss something.
You hear a zap.
You suddenly lose the ability to move!
Something hits you! Something burns you. Something hits you!
Something burns you. Something completely misses you.
You can move again.
Unknown command.
You miss something. Something hits you but does no damage.
You hit something. Lightning courses through something!! Something hits you!
Something burns you. Something hits you! Something burns you.
* * * LOW HITPOINT WARNING * * *
Unknown command.
A red film seems to cover your vision as you go berserk!
You feel yourself moving faster!
You feel mighty! Something completely misses you.
You slash something! Lightning courses through something!! Something hits you!
* * * LOW HITPOINT WARNING * * *
Something burns you.
* * * LOW HITPOINT WARNING * * *
You barely miss something. You barely miss something. Something hits you!
* * * LOW HITPOINT WARNING * * *
Something burns you!
You die...
Kikubaaqudgha rasps: "You have failed me!
Welcome... death!"

### #.. #.##
#.<# #h.#
#.....{.....#
#....?./.####
#........+
#........#
#......###
#......
#######


There were no monsters in sight!

Vanquished Creatures
  Sigmund (D:4)
  Menkaure (D:5)
  An ice beast (D:6)
  A centaur (D:7)
  A kobold brigand (D:7)
  4 scorpions
  A howler monkey (D:4)
  A hound (D:4)
  6 orc priests
  3 iguanas
  Jessica (D:3)
  2 orc wizards
  8 adders
  A shadow imp (D:5)
  A white imp (D:5)
  A worm (D:5)
  9 dart slugs
  17 orcs
  5 endoplasms
  6 giant cockroaches
  7 goblins
  8 hobgoblins
  2 jackals (D:5)
  13 kobolds
  6 quokkas
  6 ball pythons
  7 bats
  A frilled lizard (D:1)
  8 rats
129 creatures vanquished.

Notes
Turn   | Place    | Note
-------+----------+-------------------------------------------
     0 | D:1      | Shayle the Ogre Shapeshifter began the quest for the Orb.
     0 | D:1      | Reached XP level 1. HP: 19/19 MP: 1/1
   227 | D:1      | Reached XP level 2. HP: 28/28 MP: 1/3
   233 | D:1      | Reached skill level 2 in Fighting
   235 | D:1      | Reached skill level 1 in Spellcasting
   372 | D:1      | Reached XP level 3. HP: 36/36 MP: 5/5
  1102 | D:2      | Reached skill level 3 in Fighting
  1102 | D:2      | Reached XP level 4. HP: 27/45 MP: 5/7
  1409 | D:2      | Found Saich's Assorted Antiques.
  1429 | D:2      | Bought a scroll labelled OPHUDI ETIDOEL for 21 gold pieces
  1739 | D:3      | Found a shimmering altar of Xom.
  1740 | D:3      | Found a radiant altar of Vehumet.
  1944 | D:3      | Noticed Jessica
  1953 | D:3      | Killed Jessica
  1967 | D:3      | Reached XP level 5. HP: 54/54 MP: 8/8
  2700 | D:4      | Noticed Sigmund
  2722 | D:4      | Killed Sigmund
  2723 | D:4      | Reached skill level 4 in Fighting
  2723 | D:4      | Reached XP level 6. HP: 11/65 MP: 9/11
  2974 | D:4      | Reached skill level 5 in Fighting
  2982 | D:4      | Found Viot's Jewellery Shop.
  3267 | D:4      | Reached XP level 7. HP: 49/72 MP: 13/13
  3305 | D:5      | Entered Level 5 of the Dungeon
  3835 | D:5      | Reached skill level 6 in Fighting
  4179 | D:4      | Reached skill level 5 in Unarmed Combat
  4729 | D:5      | Reached skill level 5 in Spellcasting
  4872 | D:5      | You fall into a shaft and drop 1 floor!
  4921 | D:6      | Noticed a skeletal warrior
  5154 | D:5      | Reached XP level 8. HP: 72/84 MP: 15/15
  5223 | D:5      | Noticed Menkaure
  5555 | D:5      | Found a staircase to the Ecumenical Temple.
  5563 | Temple   | Entered the Ecumenical Temple
  5589 | D:5      | Killed Menkaure
  5590 | D:5      | Reached skill level 7 in Fighting
  5601 | D:5      | Identified a scroll of acquirement
  5601 | D:5      | Acquired a manual of Fighting
  5841 | D:6      | Noticed Jeremiah
  5913 | D:6      | Found an ancient bone altar of Kikubaaqudgha.
  5913 | D:6      | Found a snail-covered altar of Cheibriados.
  5915 | D:6      | Found a sparkling altar of Nemelex Xobeh.
  5917 | D:6      | Became a worshipper of Kikubaaqudgha
  5919 | D:6      | Found a shimmering blue altar of Sif Muna.
  6059 | D:7      | Reached skill level 8 in Fighting
  7007 | D:7      | Found a bloodstained altar of Trog.
  7205 | D:8      | Noticed Erica
  7207 | D:8      | Paralysed by Erica for 4 turns
  7213 | D:8      | Paralysed by something for 4 turns
  7222 | D:8      | Slain by Erica

Illustrated notes

Levels and vault maps discovered:
D:1:      dpeg_arrival_circle_labyrinth_a, layout_basic, minmay_unequal
D:2:      layout_loops_ring, serial_shops, nicolae_diamond_shop
D:3:      layout_loops_ring, minitemple, uniq_jessica
D:4:      layout_basic, minmay_shop_enchanted_jewellery, uniq_sigmund
D:5:      layout_rooms, minmay_temple_entry_wispy, uniq_menkaure
D:6:      layout_layer_cave, nicolae_overflow_macrodata_refinement, kb_rosetta,
          uniq_jeremiah
D:7:      layout_loops_ring, lightli_temple_of_fire
D:8:      layout_basic, lemuel_tele_altar, uniq_maggie, uniq_prince_ribbit1,
          uniq_erica, uniq_gastronok
Temple:   jpeg_temple_clearing

Skill      XL: |  1  2  3  4  5  6  7  8 |
---------------+-------------------------+-----
Fighting       | 2 3 4 5 6 8 |  8.8
Spellcasting   | 1 2 3 4 5 6 |  6.3
Unarmed Combat | 3 4 5 6 |  6.1
Dodging        | |  1.7
Shapeshifting  | |  3.0

Action                     |  1- 3 |  4- 6 |  7- 9 || total
---------------------------+-------+-------+-------++-------
  Melee: Unarmed           |   111 |   151 |    84 ||   346
         Punch             |       |     3 |     8 ||    11
         Falchion          |       |       |   121 ||   121
  Evoke: Wand              |       |       |     7 ||     7
    Use: Scroll            |       |     5 |    13 ||    18
         Potion            |       |     1 |     5 ||     6
 Armour: Animal skin       |    30 |    53 |    59 ||   142
  Dodge: Dodged            |    45 |    53 |    96 ||   194

Table legend: (Time is in decaauts)
 A = Elapsed time spent in this place.
 B = Non-inter-level travel time spent in this place.
 C = Inter-level travel time spent in this place.
 D = Time resting spent in this place.
 E = Time spent auto-exploring this place.
 F = Levels seen in this place.
 G = Mean time per level.
                   A        B        C        D        E       F      G
               +--------+--------+--------+--------+--------+-----+--------+
         Total |   7229 |   6911 |    318 |   1340 |   4333 |   9 |  803.2 |
       Dungeon |   7228 |   6910 |    318 |   1340 |   4333 |   8 |  903.5 |
        Temple |      1 |      1 |      0 |      0 |      0 |   1 |    1.0 |
               +--------+--------+--------+--------+--------+-----+--------+

Top non-repeatable levels by time:
     D:4: 1696 daAuts
     D:7: 1339 daAuts
     D:5: 1223 daAuts
     D:1: 976 daAuts
     D:3: 975 daAuts
     D:2: 730 daAuts
     D:6: 268 daAuts
     D:8: 17 daAuts
  Temple: 1 daAuts
